CCBL
WAREHAM GATEMEN @ HARWICH MARINERS
02/09/2060
 
TOP OF THE 1ST
Wareham Gatemen batting - Pitching for Harwich Mariners : RHP Mervin Gray
Pitching: RHP Mervin Gray
Batting: SHB Jakob Montoya 0-0: Ball
1-0: Ball
2-0: Foul Ball, location: 2F
2-1: Foul Ball, location: 2F
2-2: Foul Ball, location: 2F
2-2: SINGLE (Line Drive, 7S, EV 92.5 MPH)
Batting: RHB Coy Hines 0-0: Ball
1-0: Swinging Strike
1-1: Ball
2-1: Foul Ball, location: 2F
2-2: Ball
3-2: 2-RUN HOME RUN (Flyball, 8LXD, EV 116.2 MPH), Distance : 461 ft
Batting: RHB Jaxon Carpenter 0-0: Foul Ball, location: 2F
0-1: Ball
1-1: SINGLE (Line Drive, 9S, EV 85.0 MPH)
Batting: RHB Joey Elliott 0-0: Called Strike
0-1: Swinging Strike
0-2: Foul Ball, location: 2F
0-2: Ball
1-2: Ball
2-2: Foul Ball, location: 2F
2-2: Foul Ball, location: 2F
2-2: Ball
Passed Ball!
Jaxon Carpenter to second
3-2: Foul Ball, location: 2F
3-2: Base on Balls
Batting: SHB Trevor Dawkins 0-0: Foul Ball, location: 2F
0-1: Called Strike
0-2: Ball
1-2: Ball
2-2: SINGLE (Flyball, 8RS, EV 88.1 MPH)
Jaxon Carpenter to third
Joey Elliott to second
Runner from 3rd tries for Home, SAFE, throw by CF to home
Batting: RHB Hank Berry 0-0: Called Strike
0-1: Swinging Strike
0-2: Strikes out swinging
Batting: RHB Darian Thomson 0-0: Ball
1-0: Ball
2-0: Grounds into double play, 6-4-3 (Groundball, 6, EV 78.8 MPH)
Top of the 1st over - 3 runs, 4 hits, 0 errors, 1 left on base; Wareham 3 - Harwich 0
BOTTOM OF THE 1ST
Harwich Mariners batting - Pitching for Wareham Gatemen : RHP Logan Grote
Pitching: RHP Logan Grote
Batting: LHB Charlie Loos 0-0: Ball
1-0: Ball
2-0: Ball
3-0: Base on Balls
Batting: SHB Jesse Wayland 0-0: Called Strike
0-1: Ball
Charlie Loos is caught stealing 2nd base 2-6
1-1: Swinging Strike
1-2: Strikes out swinging
Batting: LHB Alec Nelson 0-0: Called Strike
0-1: Ball
1-1: Ball
2-1: Ball
3-1: Ground out 1-6-3 (Groundball, 15S, EV 105.6 MPH)
Bottom of the 1st over - 0 runs, 0 hits, 0 errors, 0 left on base; Wareham 3 - Harwich 0
TOP OF THE 2ND
Wareham Gatemen batting - Pitching for Harwich Mariners : RHP Mervin Gray
Batting: RHB Colt Davis 0-0: Called Strike
0-1: Fly out, F8 (Flyball, 8RD, EV 107.5 MPH)
Batting: RHB Blade Richards 0-0: Ball
1-0: Foul Ball, location: 2F
1-1: Fly out, F4 (Popup, 4, EV 66.2 MPH)
Batting: SHB Jakob Montoya 0-0: Called Strike
0-1: Foul Ball, location: 2F
0-2: Ball
1-2: Strikes out swinging
Top of the 2nd over - 0 runs, 0 hits, 0 errors, 0 left on base; Wareham 3 - Harwich 0
BOTTOM OF THE 2ND
Harwich Mariners batting - Pitching for Wareham Gatemen : RHP Logan Grote
Batting: RHB Terry Rowland 0-0: Called Strike
0-1: Ball
1-1: Ball
2-1: Ball
3-1: Called Strike
3-2: Base on Balls
Batting: RHB Holden Vaughn 0-0: Called Strike
0-1: Called Strike
0-2: Strikes out swinging
Batting: LHB Logan Morgan 0-0: Called Strike
0-1: Ball
1-1: Foul Ball, location: 2F
1-2: Ball
2-2: Fly out, F8 (Flyball, 8LXD, EV 106.9 MPH)
Batting: RHB R.J. Kroll 0-0: Foul Ball, location: 2F
0-1: Called Strike
0-2: Ball
1-2: Ball
2-2: Foul Ball, location: 2F
2-2: Foul Ball, location: 2LF, Error on foul ball, E2
2-2: Ball
3-2: Strikes out swinging
Bottom of the 2nd over - 0 runs, 0 hits, 1 error, 1 left on base; Wareham 3 - Harwich 0
TOP OF THE 3RD
Wareham Gatemen batting - Pitching for Harwich Mariners : RHP Mervin Gray
Batting: RHB Coy Hines 0-0: Foul Ball, location: 2F
0-1: Foul Ball, location: 2F
0-2: Ground out 4-3 (Groundball, 4, EV 76.9 MPH)
Batting: RHB Jaxon Carpenter 0-0: Swinging Strike
0-1: Ball
1-1: Foul Ball, location: 2F
1-2: DOUBLE (Line Drive, 7LM, EV 113.8 MPH)
Batting: RHB Joey Elliott 0-0: Ball
1-0: Ball
2-0: Ball
3-0: Called Strike
3-1: SINGLE (Line Drive, 7S, EV 91.9 MPH)
Jaxon Carpenter to third
Runner from 3rd tries for Home, SAFE, throw by LF to home
Batting: SHB Trevor Dawkins 0-0: Swinging Strike
0-1: Foul Ball, location: 2F
0-2: Ball
1-2: Ball
2-2: Strikes out swinging
Batting: RHB Hank Berry 0-0: SINGLE (Line Drive, 9S, EV 106.9 MPH)
Joey Elliott to second
Batting: RHB Darian Thomson 0-0: Swinging Strike
0-1: Swinging Strike
0-2: Ball
1-2: Strikes out swinging
Top of the 3rd over - 1 run, 3 hits, 0 errors, 2 left on base; Wareham 4 - Harwich 0
BOTTOM OF THE 3RD
Harwich Mariners batting - Pitching for Wareham Gatemen : RHP Logan Grote
Batting: RHB Maxwell Lee 0-0: Ball
1-0: Called Strike
1-1: Foul Ball, location: 2F
1-2: Ball
2-2: Foul Ball, location: 2F
2-2: Strikes out looking
Batting: RHB Austin Sarpong 0-0: Called Strike
0-1: Swinging Strike
0-2: Ball
1-2: Strikes out swinging
Batting: LHB Charlie Loos 0-0: Ball
1-0: Ball
2-0: Called Strike
2-1: Fly out, F9 (Flyball, 9S, EV 91.2 MPH)
Bottom of the 3rd over - 0 runs, 0 hits, 0 errors, 0 left on base; Wareham 4 - Harwich 0
TOP OF THE 4TH
Wareham Gatemen batting - Pitching for Harwich Mariners : RHP Mervin Gray
Batting: RHB Colt Davis 0-0: Ball
1-0: Ball
2-0: Foul Ball, location: 2F
2-1: Fly out, F9 (Line Drive, 89M, EV 101.9 MPH)
Batting: RHB Blade Richards 0-0: Ball
1-0: Foul Ball, location: 2F
1-1: Foul Ball, location: 2F
1-2: Foul Ball, location: 2F
1-2: Ball
2-2: Fly out, F4 (Flyball, 34D, EV 88.1 MPH)
Batting: SHB Jakob Montoya 0-0: Called Strike
0-1: Ball
1-1: Swinging Strike
1-2: Ball
2-2: Strikes out looking
Top of the 4th over - 0 runs, 0 hits, 0 errors, 0 left on base; Wareham 4 - Harwich 0
BOTTOM OF THE 4TH
Harwich Mariners batting - Pitching for Wareham Gatemen : RHP Logan Grote
Batting: SHB Jesse Wayland 0-0: Ball
1-0: Foul Ball, location: 2F
1-1: Foul Ball, location: 2F
1-2: Fly out, F5 (Popup, 5L, EV 69.4 MPH)
Batting: LHB Alec Nelson 0-0: Called Strike
0-1: Fly out, F5 (Flyball, 56D, EV 89.4 MPH)
Batting: RHB Terry Rowland 0-0: Ball
1-0: Ball
2-0: Called Strike
2-1: Swinging Strike
2-2: Ball
3-2: Foul Ball, location: 2F
3-2: Strikes out swinging
Bottom of the 4th over - 0 runs, 0 hits, 0 errors, 0 left on base; Wareham 4 - Harwich 0
TOP OF THE 5TH
Wareham Gatemen batting - Pitching for Harwich Mariners : RHP Mervin Gray
Pitching: RHP Reece Terry
Batting: RHB Coy Hines 0-0: Called Strike
0-1: Fly out, F9 (Flyball, 9, EV 96.2 MPH)
Batting: RHB Jaxon Carpenter 0-0: Ball
1-0: Ball
2-0: Ball
3-0: Base on Balls
Batting: RHB Joey Elliott 0-0: Ball
1-0: SINGLE (Flyball, 9S, EV 83.8 MPH)
Jaxon Carpenter to second
Runner from 2nd tries for 3rd, SAFE, throw by RF made to third
Batting: SHB Trevor Dawkins 0-0: Ball
1-0: Swinging Strike
1-1: Grounds into double play, 6-4-3 (Groundball, 6D, EV 78.1 MPH)
Top of the 5th over - 0 runs, 1 hit, 0 errors, 1 left on base; Wareham 4 - Harwich 0
BOTTOM OF THE 5TH
Harwich Mariners batting - Pitching for Wareham Gatemen : RHP Logan Grote
Batting: RHB Holden Vaughn 0-0: Called Strike
0-1: Swinging Strike
0-2: Strikes out swinging
Batting: LHB Logan Morgan 0-0: Ball
1-0: Called Strike
1-1: Ball
2-1: Foul Ball, location: 2F
2-2: Ball
3-2: Strikes out swinging
Batting: RHB R.J. Kroll 0-0: Called Strike
0-1: Called Strike
0-2: Strikes out swinging
Bottom of the 5th over - 0 runs, 0 hits, 0 errors, 0 left on base; Wareham 4 - Harwich 0
TOP OF THE 6TH
Wareham Gatemen batting - Pitching for Harwich Mariners : RHP Reece Terry
Batting: RHB Hank Berry 0-0: Ball
1-0: SINGLE (Flyball, 3D, EV 83.8 MPH)
Batting: RHB Darian Thomson 0-0: Ball
1-0: Ball
Hank Berry is caught stealing 2nd base 2-4
2-0: Foul Ball, location: 2F
2-1: Foul Ball, location: 2F
2-2: Fly out, F7 (Flyball, 7D, EV 101.2 MPH)
Batting: RHB Colt Davis 0-0: Ball
1-0: Called Strike
1-1: Ball
2-1: Ball
3-1: Called Strike
3-2: Strikes out swinging, 2-3 out at first.
Top of the 6th over - 0 runs, 1 hit, 0 errors, 0 left on base; Wareham 4 - Harwich 0
BOTTOM OF THE 6TH
Harwich Mariners batting - Pitching for Wareham Gatemen : RHP Logan Grote
Batting: RHB Maxwell Lee 0-0: Ball
1-0: Ball
2-0: Called Strike
2-1: SINGLE (Groundball, 34D, EV 98.8 MPH)
Batting: RHB Austin Sarpong 0-0: Ball
1-0: Ball
2-0: SINGLE (Flyball, 8RS, EV 86.2 MPH)
Maxwell Lee to second
Pitching: RHP Blake Freeman
Batting: LHB Charlie Loos 0-0: Ball
1-0: Called Strike
1-1: Ball
2-1: Foul Ball, location: 2F
2-2: Ball
3-2: Base on Balls
Maxwell Lee to third
Austin Sarpong to second
Batting: SHB Jesse Wayland 0-0: Ball
1-0: Ball
2-0: Ball
3-0: Called Strike
3-1: Base on Balls
Maxwell Lee scores
Austin Sarpong to third
Charlie Loos to second
Batting: LHB Alec Nelson 0-0: Swinging Strike
0-1: GRAND SLAM HOME RUN (Flyball, 7D, EV 99.4 MPH), Distance : 382 ft
Pitching: RHP Gage Carpenter
Batting: RHB Terry Rowland 0-0: Ball
1-0: Called Strike
1-1: SINGLE (Groundball, 6M, EV 86.9 MPH) (infield hit)
Batting: RHB Holden Vaughn 0-0: Called Strike
0-1: SINGLE (Line Drive, 56D, EV 99.4 MPH)
Terry Rowland to second
Batting: LHB Logan Morgan 0-0: Swinging Strike
0-1: Called Strike
0-2: Foul Ball, location: 2F
0-2: Fly out, F9 (Flyball, 9D, EV 90.0 MPH)
Runner from 2nd tags up, SAFE at 3rd, no throw by RF
Batting: RHB R.J. Kroll 0-0: Ball
1-0: Ball
2-0: Foul Ball, location: 2F
2-1: Ball
3-1: Called Strike
3-2: Base on Balls
Holden Vaughn to second
Batting: RHB Maxwell Lee 0-0: Ball
1-0: Ball
2-0: SINGLE (Line Drive, 89M, EV 104.4 MPH)
Terry Rowland scores
Holden Vaughn to third
R.J. Kroll to second
Batting: RHB Austin Sarpong 0-0: Ball
1-0: Ball
2-0: Called Strike
2-1: Fly out, F8 (Flyball, 78M, EV 83.1 MPH)
Batting: LHB Charlie Loos 0-0: Fly out, F9 (Flyball, 9, EV 90.6 MPH)
Bottom of the 6th over - 6 runs, 6 hits, 0 errors, 3 left on base; Wareham 4 - Harwich 6
TOP OF THE 7TH
Wareham Gatemen batting - Pitching for Harwich Mariners : RHP Reece Terry
Batting: RHB Blade Richards 0-0: Swinging Strike
0-1: Ball
1-1: SINGLE (Groundball, 6MD, EV 101.2 MPH)
Batting: SHB Jakob Montoya 0-0: Called Strike
Blade Richards steals 2nd, throwing error, E2
Blade Richards to third
0-1: Ball
1-1: Foul Ball, location: 2F
1-2: Foul Ball, location: 2F
1-2: Ball
2-2: Ball
3-2: Foul Ball, location: 2F
3-2: DOUBLE (Flyball, 89D, EV 101.9 MPH)
Blade Richards scores
Batting: RHB Coy Hines 0-0: Ground out 1-3 (Groundball, P, EV 63.1 MPH)
Jakob Montoya to third
Batting: RHB Jaxon Carpenter 0-0: Foul Ball, location: 2F
0-1: Foul Ball, location: 2F
0-2: Ball
1-2: SINGLE (Flyball, 6D, EV 95.6 MPH)
Jakob Montoya scores
Batting: RHB Joey Elliott 0-0: Ball
1-0: Ball
2-0: Ball
3-0: Called Strike
3-1: Foul Ball, location: 2F
3-2: Reached on error, E4 (Groundball, 4, EV 82.5 MPH)
Jaxon Carpenter to second
Batting: SHB Trevor Dawkins 0-0: Ball
1-0: SINGLE (Flyball, 89S, EV 86.2 MPH)
Jaxon Carpenter to third
Joey Elliott to second
Runner from 3rd tries for Home, SAFE, throw by RF to home
Pitching: LHP Blair Badillo
Batting: RHB Hank Berry 0-0: Swinging Strike
0-1: Ball
1-1: Called Strike
1-2: Ball
2-2: Ball
3-2: Fly out, F9 (Flyball, 9S, EV 88.8 MPH)
Batting: RHB Darian Thomson 0-0: Ground out U3 (Groundball, 13, EV 80.0 MPH)
Top of the 7th over - 3 runs, 4 hits, 2 errors, 2 left on base; Wareham 7 - Harwich 6
BOTTOM OF THE 7TH
Harwich Mariners batting - Pitching for Wareham Gatemen : RHP Gage Carpenter
Batting: SHB Jesse Wayland 0-0: Ball
1-0: Ball
2-0: Ball
3-0: Base on Balls
Pitching: LHP William Fuller
Batting: LHB Alec Nelson 0-0: Foul Ball, location: 2F
0-1: Ball
Jesse Wayland steals 2nd, throwing error, E2
Jesse Wayland to third
1-1: Ball
2-1: Ball
3-1: Base on Balls
Pitching: RHP Robert Boudreaux
Batting: RHB Terry Rowland 0-0: Called Strike
0-1: Fly out, F9 (Flyball, 9S, EV 90.0 MPH)
Batting: RHB Holden Vaughn 0-0: Foul Ball, location: 2F
0-1: Swinging Strike
0-2: Ball
1-2: Ball
2-2: Strikes out swinging
Batting: LHB Logan Morgan 0-0: Called Strike
0-1: Ball
1-1: Ground out 4-3 (Groundball, 4, EV 92.5 MPH)
Bottom of the 7th over - 0 runs, 0 hits, 1 error, 2 left on base; Wareham 7 - Harwich 6
TOP OF THE 8TH
Wareham Gatemen batting - Pitching for Harwich Mariners : LHP Blair Badillo
Batting: RHB Colt Davis 0-0: Ball
1-0: Fly out, F9 (Flyball, 9, EV 80.6 MPH)
Batting: RHB Blade Richards 0-0: Called Strike
0-1: Ball
1-1: Ball
2-1: Called Strike
2-2: Ball
3-2: Ground out 4-3 (Groundball, 4, EV 107.5 MPH)
Batting: SHB Jakob Montoya 0-0: Ball
1-0: Foul Ball, location: 2F
1-1: Ball
2-1: Ball
3-1: Called Strike
3-2: Foul Ball, location: 2F
3-2: SINGLE (Groundball, 5L, EV 101.9 MPH) (infield hit)
Batting: RHB Coy Hines 0-0: Ball
1-0: Foul Ball, location: 2F
1-1: Ball
2-1: Ball
3-1: Base on Balls
Jakob Montoya to second
Batting: RHB Jaxon Carpenter 0-0: Called Strike
0-1: Ball
1-1: Fielders Choice at 2nd, 6-4 (Groundball, 6, EV 88.1 MPH)
Top of the 8th over - 0 runs, 1 hit, 0 errors, 2 left on base; Wareham 7 - Harwich 6
BOTTOM OF THE 8TH
Harwich Mariners batting - Pitching for Wareham Gatemen : RHP Robert Boudreaux
Batting: RHB R.J. Kroll 0-0: Foul Ball, location: 2F
0-1: Foul Ball, location: 2F
0-2: Strikes out looking
Batting: RHB Maxwell Lee 0-0: Foul Ball, location: 2F
0-1: Ball
1-1: Foul Ball, location: 2F
1-2: SINGLE (Line Drive, 8LS, EV 100.0 MPH)
Pitching: RHP Samuel Schaefer
Pinch Hitting: RHB Roman Stern 0-0: Ball
1-0: Called Strike
1-1: Called Strike
1-2: SINGLE (Groundball, P, EV 78.8 MPH) (infield hit)
Maxwell Lee to second
Batting: LHB Charlie Loos 0-0: Ball
1-0: Ball
2-0: Called Strike
2-1: Ball
3-1: Called Strike
3-2: Strikes out swinging
Batting: SHB Jesse Wayland 0-0: Called Strike
0-1: Foul Ball, location: 2F
0-2: Strikes out swinging
Bottom of the 8th over - 0 runs, 2 hits, 0 errors, 2 left on base; Wareham 7 - Harwich 6
TOP OF THE 9TH
Wareham Gatemen batting - Pitching for Harwich Mariners : LHP Blair Badillo
Now at SS: Sammy Bernhardt
Batting: RHB Joey Elliott 0-0: Called Strike
0-1: Fly out, F5 (Popup, 56S, EV 80.6 MPH)
Batting: SHB Trevor Dawkins 0-0: Foul Ball, location: 2F
0-1: SOLO HOME RUN (Flyball, 7D, EV 99.4 MPH), Distance : 386 ft
Batting: RHB Hank Berry 0-0: Swinging Strike
0-1: Swinging Strike
0-2: Strikes out swinging
Batting: RHB Darian Thomson 0-0: Swinging Strike
0-1: Swinging Strike
0-2: Foul Ball, location: 2F
0-2: Ball
1-2: Ball
2-2: Strikes out swinging
Top of the 9th over - 1 run, 1 hit, 0 errors, 0 left on base; Wareham 8 - Harwich 6
BOTTOM OF THE 9TH
Harwich Mariners batting - Pitching for Wareham Gatemen : RHP Samuel Schaefer
Pitching: LHP Jakob Samuels
Now at 1B: Turner Cooper
Batting: LHB Alec Nelson 0-0: Called Strike
0-1: Foul Ball, location: 2F
0-2: DOUBLE (Flyball, 78D, EV 106.9 MPH)
Batting: RHB Terry Rowland 0-0: Called Strike
0-1: SINGLE (Line Drive, 78S, EV 88.1 MPH)
Alec Nelson to third
Batting: RHB Holden Vaughn 0-0: Fly out, F6 (Popup, 6D, EV 67.5 MPH)
Pinch Hitting: RHB Walter Forman 0-0: Ball
1-0: Ball
2-0: Ball
3-0: Called Strike
3-1: Foul Ball, location: 2F
3-2: Foul Ball, location: 2F
3-2: Strikes out looking
Batting: RHB R.J. Kroll 0-0: Called Strike
0-1: Foul Ball, location: 2F
0-2: Ball
1-2: Ball
2-2: Ground out 4-3 (Groundball, 4, EV 83.8 MPH)
Bottom of the 9th over - 0 runs, 2 hits, 0 errors, 2 left on base; Wareham 8 - Harwich 6
Sunday, April 14th , 2024 - OOTP Baseball 23.10 Build 110